 Dungeon Crawl Stone Soup version 0.29.0-11-gd7f09526c8 (webtiles) character file.

Game seed: 7190431592359953482

2121 HarokuSaki the Ruffian (level 9, -14/62 HPs)
             Began as a Demonspawn Transmuter on Sept 3, 2022.
             Was an Initiate of Yredelemnul.
             Killed from afar by a manticore (16 damage)
             ... with a volley of spikes
             ... on level 7 of the Dungeon on Sept 4, 2022.
             The game lasted 01:02:52 (8417 turns).

HarokuSaki the Ruffian (Demonspawn Transmuter)      Turns: 8417, Time: 01:02:52

Health: -14/62     AC:  7    Str: 15    XL:     9   Next: 8%
Magic:  14/14      EV: 12    Int: 14    God:    Yredelemnul [......]
Gold:   523        SH:  0    Dex: 12    Spells: 2/15 levels left

rFire   . . .      SeeInvis .   m - +2 quarterstaff (chaos)
rCold   + . .      Faith    .   (shield currently unavailable)
rNeg    . . .      Spirit   .   u - +1 leather armour {rC+}
rPois   .          Reflect  .   (helmet restricted)
rElec   .          Harm     .   (no cloak)
rCorr   .          Rampage  .   j - +2 pair of gloves
Will    .....      Clarity  +   (no boots)
Stlth   ++........              o - amulet of magic regeneration
HPRegen 0.20/turn               h - ring of wizardry
MPRegen 0.54/turn               (no ring)

@: spiked, unable to read
A: antennae 1, sturdy frame 2, talons 1, clarity, clumsy 1, inability to read
after injury 1
a: Renounce Religion, Recall Undead Harvest


You were on level 7 of the Dungeon.
You worshipped Yredelemnul.
Yredelemnul was noncommittal.
You visited 1 branch of the dungeon, and saw 7 of its levels.

You collected 523 gold pieces.

Inventory:

Hand Weapons
 m - a +2 quarterstaff of chaos (weapon)
 t - a +0 lajatang
Missiles
 i - 2 boomerangs (quivered)
Armour
 j - a +2 pair of gloves (worn)
 u - a +1 leather armour of cold resistance (worn)
Magical Staves
 e - a staff of fire
Jewellery
 f - a ring of flight
 g - a +6 ring of strength
 h - a ring of wizardry (left hand)
 o - an amulet of magic regeneration (around neck)
 q - a ring of ice
Wands
 a - a wand of paralysis (2)
Scrolls
 b - a scroll of enchant weapon {unknown}
 c - 3 scrolls of teleportation
 d - a scroll of silence
 k - 2 scrolls of fear {unknown}
 p - a scroll of vulnerability {unknown}
 r - 2 scrolls of enchant armour {unknown}
Potions
 l - a potion of flight {unknown}


   Skills:
 * Level 2.7 Fighting
 * Level 1.6(2.3) Polearms
 * Level 2.3(2.7) Staves
 * Level 2.3 Throwing
 * Level 2.4 Armour
 * Level 3.1 Dodging
 * Level 2.8 Stealth
 * Level 4.1 Unarmed Combat
 * Level 3.9 Spellcasting
 * Level 2.3 Conjurations
 * Level 0.8 Summonings
 * Level 0.5 Translocations
 * Level 3.2 Transmutations
 * Level 2.4 Fire Magic
 * Level 2.2 Earth Magic
 * Level 2.0 Poison Magic
 * Level 3.4 Invocations
 * Level 2.4 Evocations


You had 2 spell levels left.
You knew the following spells:

 Your Spells              Type           Power      Damage    Failure   Level
a - Beastly Appendage     Tmut           22%        N/A       2%          1
b - Spider Form           Tmut/Pois      10%        N/A       9%          3
c - Stone Arrow           Conj/Erth      18%        3d8       9%          3
d - Animate Armour        Summ/Erth      14%        N/A       38%         4
e - Blink                 Tloc           8%         N/A       10%         2

Your spell library contained the following spells:

 Spells                   Type           Power      Damage    Failure   Level
 Wereblood                Tmut           11%        N/A       3%          2
 Slow                     Hex            8%         N/A       9%          1
 Lesser Beckoning         Tloc           4%         N/A       19%         3
 Confusing Touch          Hex            2%         N/A       24%         3
 Vampiric Draining        Necr           2%         2d6       24%         3
 Petrify                  Tmut/Erth      10%        N/A       24%         4
 Ice Form                 Ice/Tmut       7%         N/A       36%         4
 Blade Hands              Tmut           5%         N/A       47%         5
 Irradiate                Conj/Tmut      5%         3d13      52%         5
 Manifold Assault         Tloc           4%         N/A       83%         5
 Metabolic Englaciation   Hex/Ice        1%         N/A       89%         5
 Statue Form              Tmut/Erth      6%         N/A       97%         6
 Dragon Form              Tmut           5%         N/A       100%        7
 Lehudib's Crystal Spear  Conj/Erth      4%         10d3      100%        8


Dungeon Overview and Level Annotations

Branches:
Dungeon (7/15)             Temple (0/1) D:6

Altars:
Ashenzari
Cheibriados
Fedhas
Qazlal
Ru
Yredelemnul

Shops:
D:4 (


Innate Abilities, Weirdness & Mutations

You have a pair of small antennae on your head.
Your movements are less encumbered by armour. (ER -4)
You have sharp toenails.
You possess an exceptional clarity of mind.
You are clumsy. (Dex -2)
You occasionally lose the ability to read scrolls when taking damage.


Message History

The floor.
Unknown command.
Blink to where?
Press: ? - help, Dir - move target
As you read the scroll of blinking, it crumbles to dust.
The vampire mosquito misses your iguana.
The vampire mosquito bites your iguana. The cyclops hits you!
Your centaur hits the vampire mosquito.
Your centaur closely misses the vampire mosquito.
The manticore bites you! The manticore barely misses you. x2
The cyan ugly thing tentacle-slaps you but does no damage.
Your iguana bites the vampire mosquito.
Unknown command.
g - a +6 ring of strength The vampire mosquito bites your iguana but does no damage.
Your centaur closely misses the vampire mosquito.
Your centaur kicks the vampire mosquito but does no damage.
The kobold demonologist gestures wildly while chanting.
The manticore bites you!
You feel threatened and lose the ability to read scrolls!
The manticore claws you!
The manticore claws you but does no damage.
The cyan ugly thing closely misses you. The cyclops hits you.
Your iguana bites the vampire mosquito but does no damage.
The manticore attacks as you move away! The manticore misses you.
The manticore claws you but does no damage.
The manticore claws you.
* * * LOW HITPOINT WARNING * * *
The cyan ugly thing attacks as you move away!
The cyan ugly thing tentacle-slaps you.
* * * LOW HITPOINT WARNING * * *
The cyan ugly thing shocks you!
* * * LOW HITPOINT WARNING * * *
Your centaur hits the vampire mosquito.
Your centaur kicks the vampire mosquito.
The manticore flicks its tail.
The volley of spikes hits you!
The barbed spikes become lodged in your body.
You die...
Your body rises from the dead as a mindless zombie.

#+# ##..# #####.##
######..##
#.######|CB.## h#
#.#...}@.ulC## ..
#.######5HDo## #.
..########K!## .
#.#..######y## .##
.... #.#...##
##lc###..# #...
#.##...## #Z#Y.###
.. +...# #.#
#...#####§Y##......
#...# #.#
##.......###..#..#..
....
#.###...#######..#..
..


You could see a boulder beetle, a six-headed hydra, a cyan ugly thing, a
manticore, 2 cyclopes, a komodo dragon, a kobold demonologist, an orc warrior, a
vampire mosquito (ally target), a white imp (summoned), a friendly ice beast
(summoned), a friendly centaur (summoned), a friendly iguana (summoned) and a
friendly jelly zombie.

Vanquished Creatures
  Eustachio (D:6)
  2 water moccasins (D:6)
  An orc warrior (D:7)
  Duvessa (D:4)
  An ice beast (D:6)
  2 ogres (D:4)
  2 sky beasts (D:7)
  A phantom (D:4)
  A kobold brigand (D:6)
  A necrophage (D:7)
  3 scorpions
  Dowan (D:4)
  Crazy Yiuf (D:4)
  A hound (D:6)
  A jelly (D:7)
  2 orc priests
  A spectral orc (D:7)
  4 iguanas
  2 orc wizards
  3 gnolls (D:3)
  8 adders
  2 shadow imps
  3 worms
  A dart slug (D:3)
  9 orcs
  6 ball pythons
  4 endoplasms
  4 giant cockroaches
  7 goblins
  15 hobgoblins
  2 jackals (D:4)
  14 kobolds
  3 quokkas
  6 bats
  3 frilled lizards (D:1)
  4 goblin zombies (D:7)
  A hobgoblin zombie (D:7)
  A jackal zombie (D:4)
  4 kobold zombies
  2 orc skeletons (D:7)
  An orc zombie (D:4)
  6 rats
138 creatures vanquished.

Vanquished Creatures (collateral kills)
  A water moccasin (D:6)
  Blork the orc (D:4)
  2 worms
  A dart slug (D:3)
  An orc (D:5)
  2 ball pythons
  A bat (D:2)
  4 goblins
  2 kobolds
  A frilled lizard (D:3)
  A rat (D:3)
17 creatures vanquished.

Vanquished Creatures (others)
  A worm zombie (D:3)
  An elf zombie (D:4)
  A gnoll zombie (D:4)
  2 adder zombies
  4 bat zombies
  A ball python zombie (D:4)
  A dart slug zombie (D:3)
  An endoplasm zombie (D:2)
  A frilled lizard zombie (D:3)
  3 goblin zombies
  3 hobgoblin zombies
  A jackal zombie (D:4)
  2 kobold zombies
  3 orc zombies
  A quokka zombie (D:1)
  A rat zombie (D:2)
  3 plants (D:1)
30 creatures vanquished.

Grand Total: 185 creatures vanquished

Notes
Turn   | Place    | Note
-------+----------+-------------------------------------------
     0 | D:1      | HarokuSaki the Demonspawn Transmuter began the quest for
                  | the Orb.
     0 | D:1      | Reached XP level 1. HP: 15/15 MP: 3/3
   202 | D:1      | Gained mutation: Your movements are slightly less
                  | encumbered by armour. (ER -2) [demonic ancestry]
   202 | D:1      | Reached XP level 2. HP: 18/21 MP: 3/5
   240 | D:1      | Reached skill level 3 in Unarmed Combat
   269 | D:1      | Found a faded altar of an unknown god.
   272 | D:1      | Prayed at the altar of an unknown god.
   272 | D:1      | Became a worshipper of Yredelemnul the Dark
   272 | D:1      | Reached * piety under Yredelemnul
   598 | D:1      | Reached XP level 3. HP: 26/26 MP: 4/6
   602 | D:1      | Learned a level 3 spell: Spider Form
   914 | D:2      | Found a blossoming altar of Fedhas.
  1696 | D:2      | Reached XP level 4. HP: 28/32 MP: 3/7
  1702 | D:2      | Learned a level 3 spell: Stone Arrow
  1741 | D:2      | Reached ** piety under Yredelemnul
  2779 | D:3      | Found a snail-covered altar of Cheibriados.
  3125 | D:3      | Reached skill level 1 in Armour
  3338 | D:3      | Found a broken altar of Ashenzari.
  3765 | D:3      | Gained mutation: You have a pair of small antennae on your
                  | head. [demonic ancestry]
  3765 | D:3      | Reached XP level 5. HP: 37/37 MP: 5/8
  3974 | D:4      | Noticed an ogre
  4002 | D:4      | Killed an ogre
  4003 | D:4      | Reached skill level 1 in Stealth
  4003 | D:4      | Reached skill level 1 in Fire Magic
  4003 | D:4      | Reached skill level 1 in Invocations
  4003 | D:4      | Reached skill level 1 in Evocations
  4467 | D:4      | Reached XP level 6. HP: 29/43 MP: 7/9
  4519 | D:4      | Noticed Blork the orc
  4533 | D:4      | Killed Blork the orc
  4534 | D:4      | Reached skill level 1 in Staves
  4534 | D:4      | Reached skill level 1 in Throwing
  4534 | D:4      | Reached skill level 1 in Earth Magic
  5009 | D:4      | Noticed Dowan
  5011 | D:4      | Noticed Duvessa
  5017 | D:4      | Gained mutation: You are strong-willed. (Will+) [potion of
                  | mutation]
  5017 | D:4      | Gained mutation: Potions are less effective at restoring
                  | your health. [potion of mutation]
  5017 | D:4      | Gained mutation: You are frail. (-10% HP) [potion of
                  | mutation]
  5207 | D:4      | Found Uplakeots's Antique Weapon Shop.
  5209 | D:4      | Killed Duvessa
  5210 | D:4      | Reached skill level 1 in Conjurations
  5215 | D:4      | Killed Dowan
  5216 | D:4      | Reached XP level 7. HP: 44/44 MP: 2/11
  5503 | D:4      | Found a runed translucent door.
  5504 | D:4      | Noticed Crazy Yiuf
  5519 | D:4      | Killed Crazy Yiuf
  5536 | D:4      | Learned a level 4 spell: Animate Armour
  5628 | D:4      | Your ally Crazy Yiuf died
  5630 | D:4      | Your ally Dowan died
  5632 | D:4      | Reached skill level 1 in Poison Magic
  5801 | D:5      | Entered Level 5 of the Dungeon
  6540 | D:6      | Found a stormy altar of Qazlal.
  6548 | D:6      | Noticed Eustachio
  6635 | D:6      | Killed Eustachio
  6636 | D:6      | Gained mutation: Your movements are less encumbered by
                  | armour. (ER -4) [demonic ancestry]
  6636 | D:6      | Reached XP level 8. HP: 39/50 MP: 8/13
  6636 | D:6      | Lost mutation: Potions are less effective at restoring your
                  | health. [potion of mutation]
  6636 | D:6      | Lost mutation: You are frail. (-10% HP) [potion of
                  | mutation]
  6636 | D:6      | Gained mutation: Your spells are a little harder to cast,
                  | but a little more powerful. [potion of mutation]
  6637 | D:6      | Lost mutation: Your spells are a little harder to cast, but
                  | a little more powerful. [potion of mutation]
  6637 | D:6      | Lost mutation: You are strong-willed. (Will+) [potion of
                  | mutation]
  6637 | D:6      | Gained mutation: You have hidden genetic defects. [potion
                  | of mutation]
  6637 | D:6      | Gained mutation: You possess an exceptional clarity of
                  | mind. [potion of mutation]
  6637 | D:6      | Gained mutation: You have sharp toenails. [potion of
                  | mutation]
  7132 | D:6      | Found a staircase to the Ecumenical Temple.
  7150 | D:6      | Reached skill level 1 in Polearms
  7470 | D:6      | Gained mutation: You occasionally lose the ability to read
                  | scrolls when taking damage. [hidden defects]
  7642 | D:6      | Reached skill level 4 in Unarmed Combat
  7684 | D:6      | Found a sacrificial altar of Ru.
  7806 | D:6      | Learned a level 2 spell: Blink
  7828 | D:6      | Gained mutation: You are clumsy. (Dex -2) [hidden defects]
  7828 | D:6      | Lost mutation: You have hidden genetic defects. [hidden
                  | defects expressed]
  8278 | D:7      | Reached XP level 9. HP: 58/61 MP: 8/14
  8413 | D:7      | Found the +3 robe of Clouds {*Thunder rCloud rElec}
  8413 | D:7      | Noticed a manticore
  8413 | D:7      | Noticed a komodo dragon
  8413 | D:7      | Noticed a kobold demonologist
  8413 | D:7      | Noticed a cyan ugly thing
  8413 | D:7      | Noticed a cyclops
  8413 | D:7      | Noticed a six-headed hydra
  8413 | D:7      | Noticed a boulder beetle
  8413 | D:7      | Noticed a cyclops
  8417 | D:7      | HP: 2/62 [cyan ugly thing (12)]
  8417 | D:7      | Killed from afar by a manticore

Illustrated notes

Levels and vault maps discovered:
D:1:      eino_arrival_druids_welcome, layout_loops_ring,
          chequers_ecumenical_altar_grove
D:2:      minmay_angry_zag, layout_basic, basic_altar
D:3:      layout_loops_cross, kennysheep_slug_shrine, lemuel_doored_altar,
          minmay_goblin_kobold_house
D:4:      layout_rooms, kennysheep_small_circle, uniq_crazy_yiuf_cottage,
          uniq_blork_the_orc, uniq_duvessa
D:5:      layout_cave_pools, serial_column_ruins, column_ruins_pillar_1,
          column_ruins_pillar_5, column_ruins_pillar_9, column_ruins_pillar_2,
          column_ruins_pillar_1, column_ruins_pillar_7, column_ruins_pillar_6,
          column_ruins_pillar_4, column_ruins_pillar_2, column_ruins_pillar_4,
          column_ruins_pillar_8, column_ruins_pillar_1, column_ruins_pillar_2
D:6:      layout_loops_cross, amcnicky_altar_gilded, kennysheep_mini,
          minmay_temple_entry_proselytizer, uniq_eustachio
D:7:      minmay_the_grid_triangle_9x9_recursive_2
          [minmay_the_grid_triangle_9x9_prize_insulated,
          minmay_the_grid_triangle_9x9_sprig,
          minmay_the_grid_triangle_9x9_semitri,
          minmay_the_grid_triangle_9x9_alien], layout_basic,
          nicolae_tso_besieged_by_evil

Skill      XL: |  1  2  3  4  5  6  7  8 |
---------------+-------------------------+-----
Unarmed Combat | 3 4 |  4.1
Transmutations | 2 3 |  3.2
Dodging        | 2 3 |  3.1
Armour         | 1 2 |  2.4
Stealth        | 1 2 |  2.8
Fire Magic     | 1 2 |  2.4
Invocations    | 1 2 3 |  3.4
Evocations     | 1 2 |  2.4
Staves         | 1 2 |  2.3
Throwing       | 1 2 |  2.3
Earth Magic    | 1 2 |  2.2
Conjurations   | 1 2 |  2.3
Spellcasting   | 3 |  3.9
Fighting       | 2 |  2.7
Poison Magic   | 1 2 |  2.0
Polearms       | 1 |  1.6
Summonings     | |  0.8
Translocations | |  0.5

Action                   |  1- 3 |  4- 6 |  7- 9 || total
-------------------------+-------+-------+-------++-------
Melee: Unarmed           |    41 |    48 |    32 ||   121
       Kick              |    12 |     7 |     7 ||    26
       Headbutt          |     9 |     1 |       ||    10
       Punch             |     2 |     1 |     2 ||     5
       Staff             |    43 |    51 |     9 ||   103
       Quarterstaff      |       |       |    54 ||    54
Throw: Throwing net      |       |     7 |     5 ||    12
       Boomerang         |       |       |     6 ||     6
 Cast: Beastly Appendage |    17 |     6 |     1 ||    24
       Spider Form       |     5 |    16 |    10 ||    31
       Stone Arrow       |       |    30 |    39 ||    69
       Animate Armour    |       |       |     2 ||     2
Invok: Recall Undead Har |     2 |    30 |    17 ||    49
Evoke: Wand              |       |       |     3 ||     3
  Use: Scroll            |     2 |     4 |     8 ||    14
       Potion            |     2 |     6 |     7 ||    15
 Stab: Sleeping          |     3 |       |     1 ||     4
       Held in net/web   |       |     3 |     3 ||     6
Armor: Robe              |    18 |    25 |     1 ||    44
       Skin              |       |     3 |     2 ||     5
       Leather armour    |       |       |    24 ||    24
Dodge: Dodged            |    73 |   115 |   104 ||   292
